 Dungeon Crawl Stone Soup version 0.21-a0-329-g12f17e1 (webtiles) character file.

29 vishdafish the Charmwright (level 3, 25/27 HPs)
             Began as a Demonspawn Skald on Oct 1, 2017.
             Quit the game on level 1 of the Dungeon.
             The game lasted 00:01:24 (901 turns).

vishdafish the Charmwright (Demonspawn Skald)        Turns: 901, Time: 00:01:25

Health: 25/27      AC:  5    Str: 11    XL:     3   Next: 1%
Magic:  6/6        EV: 12    Int: 15    God:
Gold:   47         SH:  0    Dex: 12    Spells: 5/6 levels left

rFire    . . .     SeeInvis .   a - +0 spear
rCold    . . .     Gourm    .   (no shield)
rNeg     . . .     Faith    .   b - +0 leather armour
rPois    .         Spirit   .   (no helmet)
rElec    .         Reflect  .   (no cloak)
rCorr    .         Harm     .   e - +0 pair of gloves
MR       .....                  (no boots)
Stlth    ++........             (no amulet)
HPRegen  0.09/turn              (no ring)
MPRegen  0.10/turn              (no ring)

@: no status effects
A: rugged brown scales 1, nightstalker 1
a: no special abilities


You were on level 1 of the Dungeon.
You were not hungry.

You visited 1 branch of the dungeon, and saw 1 of its levels.

You collected 47 gold pieces.

Inventory:

Hand Weapons
 a - a +0 spear (weapon)
Armour
 b - a +0 leather armour (worn)
 e - a +0 pair of gloves (worn)
Scrolls
 f - 3 scrolls of identify {unknown}
 k - a scroll of fog {unknown}
Potions
 g - a potion of magic {unknown}
 h - 2 potions of ambrosia {unknown}
Books
 c - a book of Battle

   Spells                             Type                      Level
   a - Infusion                       Charms                       1
   b - Shroud of Golubria             Charms/Translocation         2
   c - Song of Slaying                Charms                       2
   d - Spectral Weapon                Hexes/Charms                 3
   e - Regeneration                   Charms/Necromancy            3
Comestibles
 d - 2 bread rations
 i - a meat ration
 j - a royal jelly


   Skills:
 - Level 2.0 Fighting
 * Level 2.4 Polearms
 + Level 1.2 Armour
 - Level 2.0 Dodging
 - Level 2.0 Spellcasting
 + Level 3.0 Charms


You had 5 spell levels left.
You knew the following spells:

 Your Spells              Type           Power        Failure   Level  Hunger
a - Infusion              Chrm           ##..         9%          1    #......


Dungeon Overview and Level Annotations

Branches:
Dungeon (1/15)

Altars:


Innate Abilities, Weirdness & Mutations

You are partially covered in rugged brown scales. (AC +1, +3% HP)
You are slightly more attuned to the shadows.


Message History

No target in view!
No target in view!
No target in view!
You see here 18 stones.
You see here 18 stones.
A goblin comes into view.
The goblin shouts!
You closely miss the goblin. The goblin barely misses you.
You hit the goblin.
The goblin is severely wounded.
The goblin hits you.
You hit the goblin.
You kill the goblin!
You have reached level 3!
Your experience leads to an increase in your attributes!
Increase (S)trength, (I)ntelligence, or (D)exterity?
You feel clever.
Your demonic ancestry asserts itself...
You slip into the darkness of the dungeon.
Found 23 poisoned needles.
Are you sure you want to abandon this character and quit the game? (Confirm with "yes".)

#.≈≈≈≈≈#####≈≈.......
#.≈≈≈≈≈≈≈≈ ≈≈≈≈≈.....
#..≈≈≈≈≈≈≈≈≈≈≈≈≈.....
##.≈≈≈≈≈≈≈≈≈≈≈≈≈≈....
#.≈≈≈≈≈≈≈≈≈≈≈≈≈≈...≈
#.≈≈≈≈≈≈≈≈≈≈≈≈≈....≈
#..≈≈≈≈≈≈≈ ##..≈≈≈≈≈≈
##@≈≈≈≈≈≈ #..≈≈≈≈≈≈ #
#.≈≈≈≈≈≈≈ # ..≈≈≈≈≈≈≈
# #(≈≈≈≈≈≈≈≈ ##
#..≈≈≈≈≈≈≈ ≈#####≈
##..≈≈≈≈≈≈ ≈≈≈≈≈≈≈
≈≈≈≈≈≈≈ ≈≈≈≈≈≈≈


There were no monsters in sight!

Vanquished Creatures
  An ooze (D:1)
  A dart slug (D:1)
  A leopard gecko (D:1)
  2 bats (D:1)
  3 giant cockroaches (D:1)
  A goblin (D:1)
  3 hobgoblins (D:1)
  2 jackals (D:1)
  A kobold (D:1)
  2 frilled lizards (D:1)
  3 rats (D:1)
20 creatures vanquished.

Notes
Turn   | Place    | Note
-------+----------+-------------------------------------------
     0 | D:1      | vishdafish the Demonspawn Skald began the quest for the Orb.
     0 | D:1      | Reached XP level 1. HP: 16/16 MP: 3/3
   308 | D:1      | Gained mutation: You are partially covered in rugged brown scales. (AC +1, +3% HP) [demonic ancestry]
   308 | D:1      | Reached XP level 2. HP: 11/22 MP: 0/5
   374 | D:1      | Reached skill level 1 in Armour
   671 | D:1      | Reached skill level 3 in Charms
   890 | D:1      | Gained mutation: You are slightly more attuned to the shadows. [demonic ancestry]
   890 | D:1      | Reached XP level 3. HP: 24/27 MP: 6/6
   901 | D:1      | Quit the game

Vault maps used:
D:1:      minmay_arrival_shoal_huts, st_stairs_4, minmay_misc_feat_alley,
          corexii_corridor_pit

Skill      XL: |  1  2 |
---------------+-------+-----
Polearms       | 2 |  2.4
Armour         | 1 |  1.2
Dodging        | 2 |  2.0
Charms         | 3 |  3.0
Fighting       | |  2.0
Spellcasting   | |  2.0

Action                   || total
-------------------------++-------
Melee: Spear             ||    76
 Cast: Infusion          ||     9
 Stab: Sleeping          ||     1
Armor: Leather armour    ||    15
Dodge: Dodged            ||    34

Table legend:
 A = Spawn XP
 B = Non-spawn XP
 C = Spawn XP percentage of total XP
 D = Spawn monster count
 E = Non-spawn monster count
 F = Spawn count percentage of total count
 G = Total turns spent on level
                    A         B        C        D         E        F      G
               +---------+---------+-------+---------+---------+-------+---------
         Total |       0 |      42 |   0.0 |       0 |      20 |   0.0 |   901
               +---------+---------+-------+---------+---------+-------+---------
           D:1 |       0 |      42 |   0.0 |       0 |      20 |   0.0 |   901
               +---------+---------+-------+---------+---------+-------+---------
